 Dungeon Crawl Stone Soup version 0.24-a0-592-g9a1d66b0e3 (webtiles) character file.

Game seed: 14191968068300105685, levelgen mode: deterministic

73 Mithandil the Conjurer (level 4, 37/37 HPs)
             Began as a Tengu Conjurer on Sept 9, 2019.
             Quit the game on level 3 of the Dungeon on Sept 13, 2019.
             The game lasted 00:10:43 (1500 turns).

Mithandil the Conjurer (Tengu Conjurer)             Turns: 1500, Time: 00:10:44

Health: 37/37      AC:  5    Str: 13    XL:     4   Next: 27%
Magic:  7/9        EV: 11    Int: 17    God:
Gold:   110        SH:  0    Dex: 14    Spells: 1/8 levels left

rFire    . . .     SeeInvis .   b - +0 trident
rCold    . . .     Gourm    .   (no shield)
rNeg     . . .     Faith    .   l - +0 ring mail
rPois    .         Spirit   .   (helmet restricted)
rElec    .         Reflect  .   (no cloak)
rCorr    +         Harm     .   (no gloves)
MR       .....                  (boots unavailable)
Stlth    ..........             (no amulet)
HPRegen  0.12/turn              o - ring of resist corrosion
MPRegen  0.11/turn              (no ring)

@: berserking, very quick
A: beak, talons 3
a: no special abilities


You were on level 3 of the Dungeon.
You were hungry.

You visited 1 branch of the dungeon, and saw 4 of its levels.

You collected 110 gold pieces.

Inventory:

Hand Weapons
 a - a +0 whip of electrocution
 b - a +0 trident (weapon)
 g - a +1 dagger of holy wrath
 t - a +0 hunting sling
Missiles
 h - 75 stones (quivered)
 p - 21 bolts
Armour
 l - a +0 ring mail (worn)
Jewellery
 o - a ring of resist corrosion (left hand)
Scrolls
 e - 4 scrolls of identify
 f - 3 scrolls of teleportation {unknown}
 i - a scroll of immolation {unknown}
 j - 2 scrolls of blinking {unknown}
 k - a scroll of enchant weapon {unknown}
 m - a scroll of amnesia {unknown}
 n - a scroll of noise {unknown}
 w - a scroll of remove curse {unknown}
Potions
 d - 2 potions of curing
 s - a potion of agility {unknown}
 u - a potion of lignification
 v - a potion of flight {unknown}
Comestibles
 c - 5 rations
 q - 3 chunks of flesh


   Skills:
 + Level 1.0 Fighting
 + Level 0.5 Polearms
 + Level 2.6 Dodging
 + Level 2.4 Stealth
 * Level 2.7 Spellcasting
 * Level 6.1 Conjurations


You had one spell level left.
You knew the following spells:

 Your Spells              Type           Power        Failure   Level  Hunger
a - Magic Dart            Conj           ###.         3%          1    #......
b - Searing Ray           Conj           ###...       4%          2    ##.....
c - Force Lance           Conj/Tloc      ##......     75%         4    #####..

Your spell library contained the following spells:

 Spells                   Type           Power        Failure   Level  Hunger
 Iskenderun's Mystic Bla  Conj           ###.....     32%         4    #####..
 Dazzling Spray           Conj/Hex       ##....       34%         3    ###....
 Fulminant Prism          Conj/Hex       ##........   75%         4    #####..


Dungeon Overview and Level Annotations

Branches:
Dungeon (4/15)
 Temple: D:4-7

Altars:
Ashenzari
Trog
Zin


Innate Abilities, Weirdness & Mutations

You have a beak for a mouth.
You have claws for feet.


Message History

Confirm with . or Enter, or press ? or * to list all spells.
Aiming: Magic Dart (safe; 4% risk of failure)
Press: ? - help, Shift-Dir - straight line, f - frilled lizard
Aim: a frilled lizard (resting)
The magic dart hits the frilled lizard.
You kill the frilled lizard!
f - 3 scrolls labeled BEUQUTHI SOEF (gained 1)
Found a scroll labeled ASEUHA JAGUFI.
e - 4 scrolls of identify (gained 1)
You are feeling hungry.
w - a scroll labeled ASEUHA JAGUFI It was a potion of berserk rage.
A red film seems to cover your vision as you go berserk!
You feel yourself moving faster!
You feel mighty!
Unknown command.
Unknown command.
Unknown command.
Welcome back, Mithandil the Tengu Conjurer.
Press ? for a list of commands and other information.
Are you sure you want to abandon this character and quit the game? (Confirm with "yes".)

###.#....##.###.##
##..#..#......#
#..........####
#.#....#...#
#.#........
#.###.##... #.# .#
.. #.# .. #@# ##
#.# #.# #.# #.#
#.. ###


There were no monsters in sight!

Vanquished Creatures
  Jessica (D:2)
  An adder (D:2)
  2 dart slugs
  A leopard gecko (D:1)
  6 bats
  A giant cockroach (D:1)
  4 goblins (D:1)
  2 hobgoblins
  9 kobolds
  A quokka (D:2)
  3 frilled lizards
  3 rats
34 creatures vanquished.

Notes
Turn   | Place    | Note
-------+----------+-------------------------------------------
     0 | D:1      | Mithandil the Tengu Conjurer began the quest for the Orb.
     0 | D:1      | Reached XP level 1. HP: 10/10 MP: 4/4
   125 | D:1      | Reached XP level 2. HP: 14/15 MP: 3/6
   129 | D:1      | Learned a level 2 spell: Searing Ray
   636 | D:1      | Reached XP level 3. HP: 20/20 MP: 3/7
  1192 | D:2      | Noticed Jessica
  1196 | D:2      | Killed Jessica
  1196 | D:2      | Reached skill level 1 in Fighting
  1196 | D:2      | Reached skill level 6 in Conjurations
  1207 | D:2      | Found a shattered altar of Ashenzari.
  1207 | D:2      | Found a faded altar of an unknown god.
  1208 | D:2      | Reached XP level 4. HP: 25/25 MP: 2/8
  1214 | D:2      | Learned a level 4 spell: Force Lance
  1265 | D:2      | Found a bloodstained altar of Trog.
  1267 | D:2      | Found a faded altar of an unknown god.
  1268 | D:2      | Found a glowing silver altar of Zin.
  1500 | D:3      | Quit the game

Levels and vault maps discovered:
D:1:      lemuel_arrival_rhombus, layout_basic, hangedman_decor_push
D:2:      layout_basic, chequers_temple_overflow_minitemple, lemuel_round_altar,
          first_ration, serial_glass, glass_columns_a, glass_columns_a,
          glass_columns_a, glass_columns_c, uniq_jessica
D:3:      gammafunk_steamed_eel, layout_loops_ring,
          lemuel_coloured_pillars_altar, uniq_sigmund, uniq_grinder
D:4:      layout_basic, lemuel_round_altar, gammafunk_temple_overflow_statue,
          minmay_temple_entry_glassed_door

Skill      XL: |  1  2  3 |
---------------+----------+-----
Fighting       | 1 |  1.0
Conjurations   | 6 |  6.1
Polearms       | |  0.5
Dodging        | |  2.6
Stealth        | |  2.4
Spellcasting   | |  2.7

Action                   |  1- 3 |  4- 6 || total
-------------------------+-------+-------++-------
Melee: Whip              |     1 |       ||     1
       Trident           |       |     3 ||     3
       Kick              |       |     2 ||     2
 Cast: Magic Dart        |    42 |    12 ||    54
       Searing Ray       |     1 |     1 ||     2
  Use: Potion            |     3 |     1 ||     4
       Scroll            |     2 |       ||     2
  Eat: Chunk             |     2 |       ||     2
Armor: Ring mail         |     2 |     1 ||     3
Dodge: Dodged            |     4 |     3 ||     7

Table legend:
 A = Non-vault XP
 B = Vault XP
 C = Vault XP percentage of total XP
 D = Non-vault monster count
 E = Vault monster count
 F = Vault count percentage of total count
                 A         B        C        D         E       F
            +---------+---------+-------+---------+---------+-------
      Total |      68 |      37 |  35.2 |      33 |       1 |   2.9
            +---------+---------+-------+---------+---------+-------
        D:1 |      29 |       0 |   0.0 |      15 |       0 |   0.0
        D:2 |      24 |      37 |  60.7 |       9 |       1 |  10.0
        D:3 |      15 |       0 |   0.0 |       9 |       0 |   0.0
            +---------+---------+-------+---------+---------+-------
